 Dungeon Crawl Stone Soup version 0.24.0-13-gcf9b319 (webtiles) character file.

Game seed: 11604090185001545801, levelgen mode: deterministic

200 Fortress the Chucker (level 5, -9/53 HPs)
             Began as an Ogre Hunter on Jan 5, 2020.
             Mangled by a gnoll
             ... wielding a +0 halberd
              (13 damage)
             ... on level 4 of the Dungeon.
             The game lasted 00:13:36 (2967 turns).

Fortress the Chucker (Ogre Hunter)                  Turns: 2967, Time: 00:13:36

Health: -9/53      AC:  3    Str: 17    XL:     5   Next: 79%
Magic:  14/14      EV: 15    Int: 12    God:
Gold:   181        SH:  0    Dex: 14    Spells: 4/4 levels left

rFire    . . .     SeeInvis .   m - +1 dagger (venom)
rCold    . . .     Gourm    .   (no shield)
rNeg     . . .     Faith    .   b - +0 robe
rPois    .         Spirit   .   (helmet restricted)
rElec    .         Reflect  .   (no cloak)
rCorr    .         Harm     .   (gloves unavailable)
MR       .....                  (boots unavailable)
Stlth    +++.......             (no amulet)
HPRegen  0.17/turn              u - ring of magical power
MPRegen  0.14/turn              (no ring)

@: agile
A: large, unfitting armour, tough skin 1
a: no special abilities


You were on level 4 of the Dungeon.
You were not hungry.

You visited 1 branch of the dungeon, and saw 4 of its levels.

You collected 181 gold pieces.

Inventory:

Hand Weapons
 a - a +0 hunting sling
 m - a +1 dagger of venom (weapon)
Missiles
 o - 6 boomerangs (quivered)
 x - 2 atropa-tipped darts
Armour
 b - a +0 robe (worn)
Jewellery
 u - a ring of magical power (left hand)
Scrolls
 g - a scroll of random uselessness {unknown}
 h - a scroll of enchant weapon {unknown}
 j - 4 scrolls of remove curse
 k - a scroll of amnesia
 p - a scroll of fear {unknown}
 s - a scroll of enchant armour {unknown}
 t - a scroll of identify
 v - 2 scrolls of teleportation {unknown}
Potions
 e - 2 potions of magic {unknown}
 i - a potion of degeneration {unknown}
 l - a potion of brilliance {unknown}
 n - 3 potions of agility
 q - 2 potions of haste {unknown}
 r - a potion of lignification {unknown}
 w - a potion of flight {unknown}
Comestibles
 f - 8 rations


   Skills:
 + Level 3.5 Fighting
 + Level 2.3 Short Blades
 + Level 5.7 Throwing
 - Level 2.1 Dodging
 - Level 0.8 Stealth


You had 4 spell levels left.
You didn't know any spells.
Your spell library was empty.

Dungeon Overview and Level Annotations

Branches:
Dungeon (4/15)
 Temple: D:4-7

Altars:


Innate Abilities, Weirdness & Mutations

You are too large for most types of armour.
You have tough skin. (AC +1)


Message History

The gnoll closely misses you. The gnoll misses you.
You hit the gnoll.
The gnoll looks as sick as possible!
The gnoll is moderately wounded.
The gnoll closely misses you. The gnoll barely misses you.
You hit the gnoll but do no damage.
The gnoll looks as sick as possible!
The gnoll is moderately wounded.
The gnoll hits you with a +0 whip. The gnoll closely misses you.
The gnoll hits you with a +0 whip.
You hit the gnoll.
The gnoll looks as sick as possible!
The gnoll is severely wounded.
The gnoll hits you from afar with a +0 halberd!
* * * LOW HITPOINT WARNING * * *
The gnoll hits you with a +0 whip.
* * * LOW HITPOINT WARNING * * *
It was a potion of agility.
You feel agile all of a sudden.
You kill the gnoll!
The gnoll barely misses you.
The gnoll hits you from afar with a +0 halberd!
You die...

.#. ... #.# #.# #.#
#.#
.(########.########
(.....g.@.........#
P.###(.###.######.#
#.. #.# #.# #.#
#.####.##############
#....................
#..##################
#


You could see a gnoll.

Vanquished Creatures
  A scorpion (D:2)
  A gnoll shaman (D:4)
  2 gnolls (D:4)
  4 adders (D:3)
  2 worms
  A dart slug (D:2)
  2 leopard geckos
  7 bats
  7 giant cockroaches
  5 goblins
  6 hobgoblins
  4 jackals (D:1)
  5 kobolds
  2 quokkas
  A ball python (D:3)
  A frilled lizard (D:2)
  6 rats
57 creatures vanquished.

Notes
Turn   | Place    | Note
-------+----------+-------------------------------------------
     0 | D:1      | Fortress the Ogre Hunter began the quest for the Orb.
     0 | D:1      | Reached XP level 1. HP: 22/22 MP: 1/1
   253 | D:1      | Reached XP level 2. HP: 27/29 MP: 2/2
   915 | D:1      | Reached XP level 3. HP: 36/36 MP: 3/3
  1373 | D:2      | Noticed a scorpion
  1375 | D:2      | Killed a scorpion
  1375 | D:2      | Reached skill level 1 in Short Blades
  1375 | D:2      | Reached skill level 5 in Throwing
  1375 | D:2      | Reached XP level 4. HP: 45/45 MP: 4/4
  1378 | D:2      | Found a faded altar of an unknown god.
  2428 | D:3      | Reached XP level 5. HP: 53/53 MP: 5/5
  2967 | D:4      | Mangled by a gnoll

Levels and vault maps discovered:
D:1:      dpeg_arrival_circle_labyrinth_c, layout_basic, serial_glass,
          glass_columns_a, glass_columns_b
D:2:      layout_loops_ring, first_ration, chequers_ecumenical_altar_simple,
          serial_glass, glass_columns_a, glass_columns_b, feat_on_display
D:3:      layout_rooms
D:4:      layout_loops_ring, kiku_gazebo_garden_becter, minitemple,
          minmay_temple_entry_butterflies, serial_glass, glass_columns_a,
          glass_columns_a, minmay_strange_pillars, minmay_strange_pillars,
          due_unseen_surprise, minmay_strange_pillars, uniq_pikel

Skill      XL: |  1  2  3  4  5 |
---------------+----------------+-----
Fighting       | 3 |  3.5
Short Blades   | 1 2 |  2.3
Throwing       | 5 |  5.7
Dodging        | 2 |  2.1
Stealth        | |  0.8

Action                   |  1- 3 |  4- 6 || total
-------------------------+-------+-------++-------
Melee: Short sword       |    56 |       ||    56
       Dagger            |       |    82 ||    82
Throw: Large rock        |    17 |    34 ||    51
       Boomerang         |       |     9 ||     9
       Throwing net      |       |     2 ||     2
  Use: Scroll            |       |     4 ||     4
       Potion            |       |     1 ||     1
 Stab: Sleeping          |       |     1 ||     1
  Eat: Chunk             |       |     3 ||     3
       Ration            |       |     1 ||     1
Armor: Robe              |    16 |    11 ||    27
Dodge: Dodged            |    29 |    45 ||    74
